 Dungeon Crawl Stone Soup version 0.22-a0-467-g5c5de1c (webtiles) character file.

232700 Gorglomux the Acrobat (level 19, -11/167 HPs)
             Began as a Merfolk Artificer on June 9, 2018.
             Was a High Priest of Okawaru.
             Killed from afar by a deep elf knight (23 damage)
             ... with a shard of ice
             ... led by an ironheart preserver
             ... while paralysed
             ... on level 1 of the Vaults on June 10, 2018.
             The game lasted 01:17:52 (43381 turns).

Gorglomux the Acrobat (Merfolk Artificer)          Turns: 43381, Time: 01:17:53

Health: -11/167    AC: 22    Str: 24    XL:     19   Next: 9%
Magic:  25/25      EV:  2    Int: 11    God:    Okawaru [*****.]
Gold:   1824       SH:  0    Dex: 14    Spells: 18/18 levels left

rFire    + + .     SeeInvis .   m - +0 glaive (vamp)
rCold    . . .     Gourm    .   (shield currently unavailable)
rNeg     . . .     Faith    .   l - +0 fire dragon scales
rPois    .         Spirit   .   U - +1 hat of Jyckoduh {god gift, +Inv Regen+ Stlth+}
rElec    .         Reflect  .   p - +2 cloak {MR+}
rCorr    .         Harm     .   w - +1 pair of gloves of Sin {Str+4}
MR       ++...                  N - +2 pair of boots
Stlth    +++.......             r - amulet of regeneration
HPRegen  1.17/turn              y - +3 ring of slaying
MPRegen  0.19/turn              c - ring of protection from cold

@: paralysed, heroism, berserk cooldown, slowed
A: change form in water, swift swim, stealthy swim
}: 2/15 runes: decaying, serpentine
a: Heroism, Finesse, Renounce Religion, Evoke Invisibility


You were on level 1 of the Vaults.
You worshipped Okawaru.
Okawaru was extremely pleased with you.
You were very hungry.

You visited 7 branches of the dungeon, and saw 33 of its levels.
You also visited: Bailey, Ice Cave and Volcano.

You collected 3705 gold pieces.
You spent 1881 gold pieces at shops.

Inventory:

Hand Weapons
 a - a +1 bardiche of venom {god gift}
 b - a +4 glaive of chopping
 k - a +3 antimagic glaive {god gift}
 m - a +0 vampiric glaive (weapon)
Armour
 l - +0 fire dragon scales (worn)
 n - a scarf of resistance
 p - a +2 cloak of magic resistance (worn)
 w - the +1 pair of gloves of Sin (worn) {Str+4}
   (You found it in an ice cave)

   It affects your strength (+4).
 N - a +2 pair of boots (worn)
 U - the +1 hat of Jyckoduh (worn) {god gift, +Inv Regen+ Stlth+}
   (Okawaru gifted it to you on level 2 of the Swamp)

   It lets you turn invisible.
   It increases your rate of regeneration.
   It makes you more stealthy.
Jewellery
 c - a ring of protection from cold (right hand)
 g - an uncursed ring of resist corrosion
 r - an amulet of regeneration (around neck)
 y - a +3 ring of slaying (left hand)
Wands
 D - a wand of digging (10)
 E - a wand of enslavement (48)
 P - a wand of paralysis (49)
 S - a wand of scattershot (5)
Scrolls
 h - 2 scrolls of enchant weapon
 j - 2 scrolls of fear
 o - 5 scrolls of noise
 q - 2 scrolls of fog
 v - a scroll of summoning
 B - 6 scrolls of blinking
 F - 14 scrolls of remove curse
 I - a scroll of silence
 K - a scroll of immolation
 L - 2 scrolls of vulnerability
 M - 4 scrolls of magic mapping
 O - a scroll of enchant armour
 R - 4 scrolls of identify
 T - 9 scrolls of teleportation
Potions
 d - 3 potions of cancellation
 t - 2 potions of invisibility
 x - a potion of heal wounds
 z - 8 potions of brilliance
 A - 5 potions of resistance
 C - a potion of ambrosia
 G - 3 potions of magic
 H - 5 potions of agility
 J - 5 potions of flight
 Q - 11 potions of curing
 W - 6 potions of haste
 X - 3 potions of mutation {!q}
 Z - 5 potions of might
Miscellaneous
 s - a lightning rod (inert)
 V - a phantom mirror
 Y - a lamp of fire (inert)
Comestibles
 f - 38 rations


   Skills:
 + Level 19.2(24.2) Fighting
   Level 1.2(6.2) Short Blades
 - Level 21.8(26.8) Polearms
 + Level 6.1(11.1) Armour
 - Level 22.0(27) Dodging
 - Level 1.7(6.7) Stealth
 - Level 9.0 Invocations
 + Level 8.8 Evocations


You had 18 spell levels left.
You didn't know any spells.
Your spell library contained the following spells:

 Spells                   Type           Power        Failure   Level  Hunger
 Apportation              Tloc           #.....       63%         1    ##.....
 Invisibility             Hex            #.......     100%        6    #######
 Mephitic Cloud           Conj/Pois/Air  #.......     94%         3    ####...
 Venom Bolt               Conj/Pois      #.........   100%        5    ######.
 Olgreb's Toxic Radiance  Pois           #.......     100%        4    #####..
 Summon Small Mammal      Summ           #...         63%         1    ##.....
 Animate Dead             Necr           N/A          100%        4    #####..
 Pain                     Necr           #...         63%         1    ##.....
 Animate Skeleton         Necr           N/A          63%         1    ##.....
 Vampiric Draining        Necr           #.........   94%         3    ####...
 Summon Ice Beast         Ice/Summ       #.......     100%        4    #####..
 Call Imp                 Summ           #.......     77%         2    ###....
 Regeneration             Chrm/Necr      #.........   94%         3    ####...
 Sting                    Conj/Pois      #...         63%         1    ##.....
 Tukima's Dance           Hex            #.......     94%         3    ####...
 Recall                   Summ/Tloc      N/A          94%         3    ####...
 Death Channel            Necr           #.........   100%        6    #######
 Call Canine Familiar     Summ           #.......     94%         3    ####...
 Summon Butterflies       Summ           #.......     63%         1    ##.....
 Alistair's Intoxication  Tmut/Pois      #.......     100%        5    ######.
 Simulacrum               Ice/Necr       #.........   100%        6    #######
 Summon Lightning Spire   Summ/Air       #.......     100%        4    #####..
 Summon Guardian Golem    Hex/Summ       #.......     94%         3    ####...
 Lesser Beckoning         Tloc           #.........   94%         3    ####...
 Poisonous Vapours        Pois/Air       #.....       77%         2    ###....
 Borgnjor's Vile Clutch   Necr/Erth      #.........   100%        5    ######.


Dungeon Overview and Level Annotations

Branches:
Dungeon (15/15)            Temple (1/1) D:7            Lair (6/6) D:8
  Swamp (4/4) Lair:3        Snake (4/4) Lair:3          Orc (2/2) D:10
    Elf (0/3) Orc:2        Vaults (1/5) D:13         Depths (0/5) D:15
  Slime: Lair:5-6

Altars:
Ashenzari
Cheibriados
Dithmenos
Elyvilon
Fedhas
Gozag
Hepliaklqana
Kikubaaqudgha
Makhleb
Nemelex Xobeh
Okawaru
Qazlal
Ru
Sif Muna
Trog
Uskayaw
Vehumet
Wu Jian
Xom
Yredelemnul
Zin
The Shining One
Beogh

Shops:
Orc:2 =[(   Snake:1 *   Vaults:1 [

Annotations:
D:10 exclusion: orange crystal statue
Lair:6 exclusion: 2 oklob plants
Swamp:1 exclusion: Roxanne, Roxanne


Message History

Aim: a hellwing (moderately butt, summoned)
You open the hellwing like a pillowcase!!!!!!
The hellwing is almost dead!
The hellwing hits you!!! * * * don't die
* * * The butt completely misses you!
Unknown command!
You feel a strong urge to attack butt!
You feel your anger butt-ly subside!
You are no longer butt!
POWER NAP!!!!!!!!!
You feel yourself slow down! The hellwing hits you! * * * don't die
* * * The hellwing hits you! * * * don't die
* * * You hear some strange, mumbled words!
A shard of ice butts from out of thin butt!!!
Butts, you fail to dodge the shard of ice! rip

######## #......#
#......# #......#
.... #......#
.... +...∩..#
..... #......#
.....#
####''####......#
#...@..#......#
#...4..'......#
#......#...≈≈≈##
#..>...# #3≈≈≈≈#
#....(e###≈≈∩≈≈#
#.(...)))322.≈≈#
#......##..2.≈##
#+########e4.##
e.......


You could see a soul eater, a deep elf knight and a hellwing.

Vanquished Creatures
  Saint Roka (Orc:2)
  Vashnia (Snake:3)
  Jorgrun (Snake:3)
  An Ice Fiend (IceCv)
  A thorn hunter (Swamp:4)
  10 nagarajas
  Donald (Swamp:1)
  A deep elf sorcerer (Vaults:1)
  An orc warlord (Orc:1)
  3 ironheart preservers (Vaults:1)
  A stone giant (Orc:2)
  A very ugly thing (Swamp:3)
  2 deep elf annihilators (Vaults:1)
  A dire elephant (D:15)
  2 ettins (Orc:1)
  2 fire dragons (Lair:6)
  9 naga warriors
  4 vault guards (D:13)
  23 hydras
  A ghost crab (Swamp:4)
  A catoblepas (Lair:6)
  3 centaur warriors
  4 anacondas
  6 two-headed ogres
  2 orc high priests
  11 alligators
  A deep troll shaman (Vaults:1)
  3 ogre magi
  4 death yaks (Lair:4)
  12 naga sharpshooters
  2 shock serpents
  A deep elf knight (D:13)
  A sun demon (Volcano)
  2 salamander mystics
  A hell knight (Volcano)
  2 spriggan druids
  The ghost of Scuka the Transmogrifier, a novice DrTm (D:9)
  8 sea snakes (Snake:4)
  4 unseen horrors
  10 swamp dragons
  4 naga ritualists
  3 deep trolls (Vaults:1)
  2 shambling mangroves (Swamp:4)
  4 lindwurms
  2 ironbrand convokers (Vaults:1)
  Pikel (D:5)
  7 orc knights
  13 mana vipers
  A wolf spider zombie (D:15)
  4 cyclopes
  2 orc sorcerers
  4 oklob plants (Lair:3)
  A deep elf mage (D:13)
  14 ugly things
  8 salamanders
  A manticore (D:10)
  2 ice statues
  10 naga magi
  23 black mambas
  7 guardian serpents (Snake:4)
  5 torpor snails (Lair:6)
  15 spiny frogs
  2 molten gargoyles (Volcano)
  3 gargoyles
  2 kobold demonologists (D:14)
  5 komodo dragons
  The ghost of Judge the Bolt Thrower, a novice HaHu (D:5)
  2 efreet (D:15)
  4 ice devils (IceCv)
  A rime drake (shapeshifter) (D:15)
  2 rime drakes (Lair:6)
  2 freezing wraiths (IceCv)
  A yaktaur (D:12)
  A golden dragon simulacrum (IceCv)
  6 anaconda simulacra (IceCv)
  A red devil (Volcano)
  A tengu conjurer (D:13)
  A polar bear (Lair:5)
  5 trolls
  19 blink frogs
  A wolf spider simulacrum (IceCv)
  13 tyrant leeches
  3 meliai (D:15)
  11 hornets
  12 slime creatures
  4 bog bodies (Swamp:1)
  5 dream sheep (Lair:5)
  Dowan (D:4)
  8 hippogriffs
  3 spriggans
  4 shadows
  7 centaur simulacra
  2 vampires
  4 wyverns
  A dire elephant simulacrum (IceCv)
  3 basilisks
  2 fire bats (Volcano)
  43 yaks
  2 wraiths
  A hungry ghost (D:15)
  Grum (D:8)
  2 steam dragons (Lair:6)
  10 vampire mosquitoes
  21 swamp worms
  39 nagas
  6 wargs
  Menkaure (D:4)
  3 harpy simulacra (IceCv)
  2 iron troll simulacra (IceCv)
  An acid dragon (D:13)
  2 hydra simulacra (IceCv)
  9 water moccasins
  9 porcupines
  11 swamp drakes
  2 sky beasts
  6 ice beasts
  A slave (D:5)
  65 orc warriors
  A black bear (Lair:5)
  A phantom (D:5)
  An eye of draining (D:8)
  An alligator simulacrum (IceCv)
  A necrophage (D:9)
  12 ogres
  16 centaurs
  17 crocodiles
  18 wolves
  4 big kobolds
  12 bullfrogs
  A wyvern zombie (D:13)
  23 orc priests
  A wyvern skeleton (D:12)
  A scorpion (D:6)
  An elephant simulacrum (IceCv)
  10 wights
  7 howler monkeys
  2 electric eels
  4 crimson imps
  6 lava snakes (Volcano)
  2 bullfrog zombies (D:5)
  2 draconian simulacra (IceCv)
  5 centaur skeletons
  6 hounds
  3 jellies
  3 centaur zombies
  A bullfrog skeleton (D:10)
  6 iguanas
  13 worker ants
  23 orc wizards
  A spriggan simulacrum (IceCv)
  A polar bear simulacrum (IceCv)
  A wolf simulacrum (IceCv)
  2 troll simulacra (IceCv)
  2 hound skeletons
  A worker ant zombie (D:11)
  10 adders
  2 gnolls (D:3)
  A howler monkey skeleton (D:9)
  A naga simulacrum (IceCv)
  An ogre simulacrum (IceCv)
  6 shadow imps
  3 white imps (IceCv)
  9 ufetubi (IceCv)
  An ooze (D:1)
  An adder zombie (D:6)
  An adder skeleton (D:9)
  4 worms
  3 dart slugs
  9 leopard geckos
  114 orcs
  20 bats
  5 giant cockroaches
  7 hobgoblins
  11 jackals
  3 quokkas
  3 frilled lizards
  A giant cockroach zombie (D:5)
  9 goblins
  A jackal skeleton (D:7)
  36 kobolds
  2 quokka zombies
  10 rats
  A plant (Lair:6)
1146 creatures vanquished.

Vanquished Creatures (collateral kills)
  Duvessa (D:4)
  An orc warrior (Bailey)
  An orc priest (D:3)
  4 orcs
  A jackal (D:3)
8 creatures vanquished.

Vanquished Creatures (others)
  A deep elf annihilator (Vaults:1)
  A deep elf knight (Vaults:1)
  A lindwurm (Swamp:4)
  A troll (D:10)
  A hornet (Swamp:4)
  A bog body (Swamp:4)
  A basilisk (Lair:6)
  A swamp drake (Swamp:4)
  An orc wizard (D:3)
  A shadow imp (D:5)
  3 white imps (IceCv)
  2 ufetubi (IceCv)
  An orc (Orc:2)
  A giant cockroach (D:2)
  3 bushes (D:8)
  9 fungi
  39 plants
68 creatures vanquished.

Grand Total: 1222 creatures vanquished

Notes
Turn   | Place    | Note
-------+----------+-------------------------------------------
     0 | D:1      | Gorglomux the Merfolk Artificer began the quest for the Orb.
     0 | D:1      | Reached XP level 1. HP: 15/15 MP: 3/3
   257 | D:1      | Reached skill level 3 in Dodging
   276 | D:1      | Reached XP level 2. HP: 13/21 MP: 4/4
   677 | D:1      | Reached skill level 1 in Polearms
   848 | D:1      | Reached XP level 3. HP: 24/27 MP: 5/5
  1734 | D:2      | Reached XP level 4. HP: 30/34 MP: 6/6
  1866 | D:2      | Reached skill level 4 in Dodging
  2183 | D:2      | Upgraded the game from 0.22-a0-460-g49b1da7 to 0.22-a0-467-g5c5de1c
  2561 | D:2      | Found a sacrificial altar of Ru.
  2710 | D:3      | Reached skill level 3 in Polearms
  2939 | D:3      | Reached skill level 3 in Fighting
  2939 | D:3      | Reached XP level 5. HP: 36/41 MP: 7/7
  3581 | D:4      | Reached skill level 5 in Dodging
  3581 | D:4      | Reached XP level 6. HP: 5/47 MP: 8/8
  4271 | D:3      | Found a shimmering altar of Xom.
  4512 | D:4      | Noticed Menkaure
  4520 | D:4      | Killed Menkaure
  4688 | D:4      | Reached skill level 6 in Dodging
  4688 | D:4      | Reached XP level 7. HP: 35/55 MP: 9/9
  4801 | D:4      | Found a glowing silver altar of Zin.
  4801 | D:4      | Found a burning altar of Makhleb.
  4802 | D:4      | Noticed an Executioner
  4802 | D:4      | Noticed an angel
  4806 | D:4      | Noticed Duvessa
  4807 | D:4      | Noticed Dowan
  4825 | D:4      | Killed Duvessa
  4970 | D:4      | Found a bloodstained altar of Trog.
  5078 | D:4      | Killed Dowan
  5078 | D:4      | Reached skill level 6 in Polearms
  5122 | D:5      | Entered Level 5 of the Dungeon
  5125 | D:5      | Noticed Judge's ghost (novice HaHu)
  5159 | D:5      | Killed Judge's ghost
  5159 | D:5      | Reached skill level 7 in Dodging
  5159 | D:5      | Reached XP level 8. HP: 42/64 MP: 10/10
  5289 | D:5      | Reached skill level 6 in Fighting
  5743 | D:5      | Noticed Pikel
  5791 | D:5      | Killed Pikel
  5791 | D:5      | Reached skill level 8 in Dodging
  5902 | D:5      | Found a radiant altar of Vehumet.
  6025 | D:5      | Reached XP level 9. HP: 53/72 MP: 11/11
  6047 | D:5      | Reached skill level 9 in Polearms
  6047 | D:5      | Reached skill level 9 in Dodging
  6146 | D:5      | Found a hide-covered altar of Uskayaw.
  6257 | D:5      | Found a shimmering altar of Xom.
  6306 | D:5      | Found a shadowy altar of Dithmenos.
  7387 | D:7      | Found a staircase to the Ecumenical Temple.
  7406 | Temple   | Entered the Ecumenical Temple
  7494 | Temple   | Became a worshipper of Warmaster Okawaru
  8289 | D:7      | Found an opulent altar of Gozag.
  8453 | D:8      | Reached skill level 10 in Dodging
  8547 | D:8      | Noticed Grum
  8580 | D:8      | Killed Grum
  8580 | D:8      | Reached * piety under Okawaru
  8606 | D:8      | HP: 3/75 [wolf[Grum] (9)]
  8992 | D:8      | Found an ornate altar of the Wu Jian Council.
  9002 | D:8      | Reached XP level 10. HP: 75/82 MP: 12/12
  9031 | D:8      | Reached skill level 9 in Fighting
  9583 | D:8      | Reached skill level 11 in Dodging
  9976 | D:8      | Reached ** piety under Okawaru
 10140 | D:8      | Noticed a two-headed ogre
 10162 | D:8      | Killed a two-headed ogre
 10269 | D:8      | Noticed a two-headed ogre
 10272 | D:8      | Reached skill level 12 in Polearms
 10854 | D:8      | Killed a two-headed ogre
 11004 | D:8      | Found a staircase to the Lair.
 11321 | D:9      | Reached skill level 12 in Dodging
 11395 | D:9      | Noticed Scuka's ghost (novice DrTm)
 11462 | D:9      | Killed Scuka's ghost
 11462 | D:9      | Reached *** piety under Okawaru
 11462 | D:9      | Reached XP level 11. HP: 80/92 MP: 11/13
 12221 | D:9      | Found a stormy altar of Qazlal.
 12418 | D:9      | Reached **** piety under Okawaru
 12985 | D:10     | Entered Level 10 of the Dungeon
 13051 | D:10     | Noticed an orange crystal statue
 13129 | D:10     | Received a gift from Okawaru
 13461 | D:9      | Reached skill level 13 in Dodging
 13905 | D:10     | Noticed a manticore
 13926 | D:10     | HP: 2/93 [manticore/volley of spikes (7)]
 13932 | D:10     | Killed a manticore
 14999 | D:10     | Reached skill level 1 in Invocations
 15067 | D:10     | Found a staircase to the Orcish Mines.
 15263 | D:11     | Noticed a red ugly thing
 15272 | D:11     | Killed a red ugly thing
 15360 | D:11     | Noticed a brown ugly thing
 15400 | D:11     | Killed a brown ugly thing
 15619 | D:11     | Killed an unseen horror
 15619 | D:11     | Reached ***** piety under Okawaru
 16038 | Lair:1   | Entered Level 1 of the Lair of Beasts
 16145 | Lair:1   | Reached XP level 12. HP: 87/101 MP: 15/15
 16156 | Lair:1   | Reached skill level 3 in Invocations
 16670 | Lair:1   | Reached skill level 1 in Armour
 17266 | Lair:2   | Reached skill level 14 in Dodging
 17292 | Lair:2   | Reached skill level 12 in Fighting
 17395 | Lair:2   | Received a gift from Okawaru
 18301 | Lair:3   | Noticed a six-headed hydra
 18318 | Lair:3   | Killed a six-headed hydra
 19413 | Lair:3   | Found a staircase to the Snake Pit.
 20097 | Lair:3   | Found a staircase to the Swamp.
 20108 | Lair:3   | HP: 3/103 [swamp worm (3)]
 20256 | Lair:3   | Reached skill level 3 in Armour
 20328 | Lair:3   | Reached XP level 13. HP: 106/109 MP: 17/17
 20330 | Lair:3   | Got a translucent halberd
 20331 | Lair:3   | Identified the +7 halberd "Qaff" {antimagic, +Fly Dex+4 SInv} (You found it on level 3 of the Lair of Beasts)
 20505 | Lair:4   | Reached skill level 6 in Invocations
 20728 | Lair:4   | Reached skill level 15 in Polearms
 20728 | Lair:4   | Reached skill level 15 in Dodging
 21542 | Lair:5   | Received a gift from Okawaru
 22480 | Lair:6   | Entered Level 6 of the Lair of Beasts
 22859 | Lair:6   | Found a shimmering altar of Xom.
 23021 | Lair:6   | Received a gift from Okawaru
 23032 | Lair:6   | Got a dazzling longbow {god gift}
 23033 | Lair:6   | Identified the +1 longbow of Eternal Vigilance {god gift, velocity, +Fly Str+2 Dex-4} (Okawaru gifted it to you on level 6 of the Lair of Beasts)
 23051 | Lair:6   | Reached XP level 14. HP: 104/118 MP: 5/20
 23274 | Lair:6   | Reached skill level 16 in Dodging
 23650 | Lair:6   | Found a runed door.
 23732 | Lair:6   | Reached skill level 9 in Invocations
 25123 | D:13     | Reached ****** piety under Okawaru
 25123 | D:13     | Received a gift from Okawaru
 25368 | D:13     | Found a flagged portal.
 25411 | Bailey   | Entered a bailey
 26113 | D:13     | Reached skill level 17 in Dodging
 26482 | D:13     | Received a gift from Okawaru
 26507 | D:13     | Found a gate to the Vaults.
 26948 | D:14     | Received a gift from Okawaru
 26948 | D:14     | Reached XP level 15. HP: 109/127 MP: 5/21
 27064 | D:14     | Reached skill level 15 in Fighting
 27532 | D:14     | Reached skill level 18 in Polearms
 27793 | D:15     | Entered Level 15 of the Dungeon
 28929 | D:15     | Received a gift from Okawaru
 29216 | D:15     | Reached skill level 18 in Dodging
 29369 | D:15     | Found a staircase to the Depths.
 29909 | D:15     | Identified a scroll of acquirement
 30076 | Orc:1    | Entered Level 1 of the Orcish Mines
 30076 | Orc:1    | Found a dark tunnel.
 30137 | Volcano  | Entered a volcano
 30475 | Volcano  | Found a bloodstained altar of Trog.
 30973 | Orc:1    | Found a roughly hewn altar of Beogh.
 31310 | Orc:1    | Received a gift from Okawaru
 31782 | Orc:2    | Entered Level 2 of the Orcish Mines
 31799 | Orc:2    | Noticed an orc warlord
 32150 | Orc:1    | Killed an orc warlord
 32412 | Orc:2    | Found a staircase to the Elven Halls.
 32421 | Orc:2    | Noticed Saint Roka
 32912 | Orc:2    | Reached XP level 16. HP: 127/138 MP: 19/22
 32918 | Orc:2    | Found a roughly hewn altar of Beogh.
 32967 | Orc:2    | Found a roughly hewn altar of Beogh.
 33168 | Orc:2    | Found Xashesel's Antique Weapon Shop.
 33169 | Orc:2    | Found a roughly hewn altar of Beogh.
 33172 | Orc:2    | Found Loyroledgh's Antique Armour Boutique.
 33206 | Orc:2    | Found a roughly hewn altar of Beogh.
 33222 | Orc:2    | Found Dusenoe's Weapon Shoppe.
 33300 | Orc:2    | Killed Saint Roka
 33300 | Orc:2    | Reached skill level 19 in Dodging
 33843 | Orc:2    | Found a roughly hewn altar of Beogh.
 33853 | Orc:2    | Found Eliwk's Jewellery Shoppe.
 33866 | Orc:2    | Bought an uncursed amulet of regeneration for 480 gold pieces
 33866 | Orc:2    | Bought a +3 ring of slaying for 720 gold pieces
 34133 | Swamp:1  | Entered Level 1 of the Swamp
 34140 | Swamp:1  | Noticed Donald
 34154 | Swamp:1  | Killed Donald
 34408 | Swamp:1  | Found a frozen archway.
 34432 | IceCv    | Entered an ice cave
 34517 | IceCv    | Found the +15 Maxwell's patent armour {-Cast -Tele rElec MR+ rCorr}
 34897 | IceCv    | Noticed an Ice Fiend
 34936 | IceCv    | Killed an Ice Fiend
 35112 | IceCv    | Found the +6 shillelagh "Devastator" {shatter}
 35144 | IceCv    | Got a pair of shimmering gloves
 35186 | IceCv    | Identified the +1 pair of gloves of Sin {Str+4} (You found it in an ice cave)
 35218 | Swamp:1  | Noticed Roxanne
 35818 | Swamp:2  | Received a gift from Okawaru
 35821 | Swamp:2  | Got a crude hat {god gift}
 35832 | Swamp:2  | Identified the +1 hat of Jyckoduh {god gift, +Inv Regen+ Stlth+} (Okawaru gifted it to you on level 2 of the Swamp)
 36777 | Swamp:3  | Reached skill level 20 in Dodging
 36951 | Swamp:3  | Reached XP level 17. HP: 147/147 MP: 23/23
 37158 | Swamp:4  | Entered Level 4 of the Swamp
 37321 | Swamp:3  | Reached skill level 21 in Polearms
 37434 | Swamp:4  | Received a gift from Okawaru
 37608 | Swamp:4  | Got a decaying rune of Zot
 38232 | Snake:1  | Entered Level 1 of the Snake Pit
 38241 | Snake:1  | Found Wiefes's Assorted Antiques.
 38316 | Snake:1  | Bought a potion of resistance for 290 gold pieces
 38316 | Snake:1  | Bought a potion of resistance for 290 gold pieces
 38316 | Snake:1  | Bought a scroll of magic mapping for 101 gold pieces
 38381 | Snake:1  | Reached skill level 18 in Fighting
 39702 | Snake:2  | Reached skill level 21 in Dodging
 40494 | Snake:3  | Noticed Jorgrun
 40513 | Snake:3  | Killed Jorgrun
 40513 | Snake:3  | Reached skill level 6 in Evocations
 40513 | Snake:3  | Reached XP level 18. HP: 85/158 MP: 8/24
 40715 | Snake:3  | Noticed Vashnia
 40782 | Snake:3  | Killed Vashnia
 41115 | Snake:4  | Entered Level 4 of the Snake Pit
 42071 | Snake:4  | Received a gift from Okawaru
 42413 | Snake:4  | Got a serpentine rune of Zot
 43245 | Vaults:1 | Entered Level 1 of the Vaults
 43257 | Vaults:1 | Found Gytixkas's Armour Boutique.
 43322 | Vaults:1 | Reached skill level 22 in Dodging
 43329 | Vaults:1 | Reached XP level 19. HP: 147/166 MP: 22/25
 43349 | Vaults:1 | Reached skill level 6 in Armour
 43381 | Vaults:1 | Killed from afar by a deep elf knight

Vault maps used:
D:1:      minmay_arrival_checkered_box
D:2:      lemuel_round_altar, minmay_goblin_kobold_house
D:3:      first_ration, tgw_xom
D:4:      grunt_temple_overflow_order_and_chaos_2, trog_butcher_becter,
          uniq_menkaure, uniq_duvessa
D:5:      kennysheep_little_box, lemuel_round_altar, vehumet_crystals,
          serial_undead, serial_undead_c, serial_undead_e, serial_undead_e,
          serial_undead_d, serial_undead_a, serial_undead_d,
          grunt_ministairs_15, grunt_dithmenos_shadows, uniq_pikel
D:6:      hangedman_decor_riveting
D:7:      minmay_temple_entry_glassed_door, basic_altar, the_bakery,
          kennysheep_generic_room_16
D:8:      lemuel_crystal_altar, minmay_lair_entry_grove, uniq_grum
D:9:      lemuel_coloured_pillars_altar
D:10:     david_orc_4, minivault_15, skrybe_limestone_x
D:11:     minivault_14
D:13:     grunt_vaults_entry_fortified, enter_bailey_1
D:14:     corexii_corridor_pit
D:15:     hangedman_depths_entry_try_elsewhere_first,
          hangedman_decor_diamond_cutter
Temple:   nicolae_temple_great_sept
Lair:1:   serial_bayou_shore_a
Lair:2:   grunt_megastairs_2
Lair:3:   minmay_swamp_entry_worms, guppyfry_snake_entry_garden,
          minmay_lair_oklob_chamber
Lair:4:   roderic_batcave
Lair:5:   forest_entry_grove, grunt_megastairs_5
Lair:6:   wormcave, guppyfry_lair_end_dragon, minmay_slime_entry_oklob_enclosed,
          basic_altar, wad_woods_road_04
Swamp:1:  portal_ice_cave_entry_ice_statue_one, hangedman_swamp_cone,
          swamp_pool4, uniq_roxanne, uniq_donald
Swamp:2:  evilmike_swamp_ruin_house_2, swamp_pool2
Swamp:3:  evilmike_swamp_ruin_house_6, swamp_pool3
Swamp:4:  swamp_alternative
Snake:1:  serial_shops, nicolae_shop_trees
Snake:3:  uniq_jorgrun, uniq_vashnia
Snake:4:  grunt_snake_rune_pools
Orc:1:    basic_altar, enter_volcano_2, special_room, minmay_orc_keep
Orc:2:    grunt_orc_community_town_hall, grunt_orc_community_big_house_2,
          grunt_orc_community_big_house_2, grunt_orc_community_house_2,
          grunt_orc_community_house_2, grunt_orc_community_house_3,
          grunt_orc_community_house_3, grunt_orc_community_house_2
Vaults:1: nicolae_vaults_circle_grid_a, nicolae_vaults_little_squares_6,
          ontoclasm_vaults_spin, nicolae_vaults_asterisk,
          nicolae_vaults_little_squares_4, v_misc_14,
          vaults_room_stairs_pillars, nicolae_vaults_little_squares_1,
          vaults_mumra_chevron_long, serial_shops, nicolae_shop_waterfront
Bailey:   bailey_polearm_4, bailey
IceCv:    ice_cave_caverns_02
Volcano:  volcano_lake

Skill      XL: |  1  2  3  4  5  6  7  8  9 10 11 12 13 14 15 16 17 18 19 |
---------------+----------------------------------------------------------+-----
Dodging        | 3 4 5 6 7 8 10 12 13 14 15 17 18 20 21 22 | 22.0
Fighting       | 2 3 4 5 7 8 10 11 12 13 14 16 17 18 19 | 19.2
Polearms       | 1 2 3 4 5 7 8 10 12 14 16 17 19 20 21 | 21.8
Invocations    | 2 5 8 9 |  9.0
Evocations     | 4 5 6 8 |  8.8
Armour         | 3 5 6 |  6.1
Short Blades   | |  1.2
Stealth        | |  1.7

Action                   |  1- 3 |  4- 6 |  7- 9 | 10-12 | 13-15 | 16-18 | 19-21 || total
-------------------------+-------+-------+-------+-------+-------+-------+-------++-------
Melee: Short sword       |   132 |   163 |       |       |       |       |       ||   295
       Trident           |       |    87 |   238 |   532 |    22 |   127 |       ||  1006
       Unarmed           |       |       |     1 |       |       |       |       ||     1
       Dagger            |       |       |   164 |   448 |       |       |       ||   612
       Punch             |       |       |       |     8 |       |     5 |       ||    13
       Tailslap          |       |       |       |    14 |    11 |    38 |       ||    63
       Glaive            |       |       |       |   169 |   580 |  1359 |    37 ||  2145
       Halberd           |       |       |       |       |   904 |       |       ||   904
Invok: Heroism           |       |       |       |    29 |    40 |    43 |     1 ||   113
       Finesse           |       |       |       |       |     9 |    18 |       ||    27
Evoke: Wand              |     8 |    12 |    15 |    58 |     5 |    12 |       ||   110
       Lightning rod     |       |       |       |       |     8 |     8 |     4 ||    20
       Lamp of fire      |       |       |       |       |     1 |     5 |       ||     6
  Use: Potion            |     4 |       |     3 |       |       |     2 |     1 ||    10
       Scroll            |       |       |     6 |    16 |    11 |    17 |       ||    50
 Stab: Sleeping          |     1 |     4 |     7 |     2 |     6 |    10 |       ||    30
       Invisible         |     1 |       |       |       |       |       |       ||     1
       Paralysed         |       |     4 |     2 |    18 |     4 |       |       ||    28
       Betrayed ally     |       |     1 |       |       |       |       |       ||     1
       Confused          |       |       |     1 |       |     1 |     2 |       ||     4
       Distracted        |       |       |     1 |     1 |     3 |     2 |       ||     7
  Eat: Chunk             |     2 |    10 |    10 |    29 |    20 |    11 |       ||    82
       Ration            |       |       |     1 |     4 |     6 |     6 |       ||    17
Armor: Leather armour    |    54 |    49 |    43 |    56 |       |       |       ||   202
       Skin              |       |       |     2 |       |       |       |       ||     2
       Troll leather arm |       |       |       |    43 |    33 |       |       ||    76
       Fire dragon scale |       |       |       |       |   178 |    63 |     8 ||   249
       Plate armour      |       |       |       |       |       |    49 |       ||    49
       Swamp dragon scal |       |       |       |       |       |   151 |       ||   151
Dodge: Dodged            |   141 |   171 |   270 |   868 |  1052 |  1034 |    22 ||  3558

Table legend:
 A = Spawn XP
 B = Non-spawn XP
 C = Spawn XP percentage of total XP
 D = Spawn monster count
 E = Non-spawn monster count
 F = Spawn count percentage of total count
 G = Total turns spent on level
                    A         B        C        D         E        F      G
               +---------+---------+-------+---------+---------+-------+---------
         Total |       0 |  324250 |   0.0 |       0 |    1158 |   0.0 | 43381
               +---------+---------+-------+---------+---------+-------+---------
           D:1 |       0 |      44 |   0.0 |       0 |      23 |   0.0 |  1130
           D:2 |       0 |      92 |   0.0 |       0 |      31 |   0.0 |  1483
           D:3 |       0 |     233 |   0.0 |       0 |      39 |   0.0 |  1443
           D:4 |       0 |     719 |   0.0 |       0 |      14 |   0.0 |  1066
           D:5 |       0 |    1529 |   0.0 |       0 |      21 |   0.0 |  1302
           D:6 |       0 |     444 |   0.0 |       0 |      14 |   0.0 |   940
           D:7 |       0 |     558 |   0.0 |       0 |      10 |   0.0 |  1137
           D:8 |       0 |    4676 |   0.0 |       0 |      33 |   0.0 |  2726
           D:9 |       0 |    4460 |   0.0 |       0 |      48 |   0.0 |  2282
          D:10 |       0 |    2864 |   0.0 |       0 |      35 |   0.0 |  2274
          D:11 |       0 |    2244 |   0.0 |       0 |      14 |   0.0 |   714
          D:12 |       0 |    4100 |   0.0 |       0 |      15 |   0.0 |   566
          D:13 |       0 |   15096 |   0.0 |       0 |      47 |   0.0 |  1624
          D:14 |       0 |    6558 |   0.0 |       0 |      33 |   0.0 |   909
          D:15 |       0 |   15411 |   0.0 |       0 |      35 |   0.0 |  2145
        Lair:1 |       0 |    3135 |   0.0 |       0 |      15 |   0.0 |  1228
        Lair:2 |       0 |    2387 |   0.0 |       0 |      12 |   0.0 |  1378
        Lair:3 |       0 |    8891 |   0.0 |       0 |      36 |   0.0 |  1808
        Lair:4 |       0 |    5607 |   0.0 |       0 |      21 |   0.0 |   819
        Lair:5 |       0 |    9970 |   0.0 |       0 |      42 |   0.0 |  1307
        Lair:6 |       0 |   17176 |   0.0 |       0 |      53 |   0.0 |  1789
       Swamp:1 |       0 |   14924 |   0.0 |       0 |      32 |   0.0 |   855
       Swamp:2 |       0 |   11059 |   0.0 |       0 |      20 |   0.0 |   889
       Swamp:3 |       0 |    9203 |   0.0 |       0 |      22 |   0.0 |   691
       Swamp:4 |       0 |   29570 |   0.0 |       0 |      52 |   0.0 |   869
       Snake:1 |       0 |   11175 |   0.0 |       0 |      23 |   0.0 |  1148
       Snake:2 |       0 |    8542 |   0.0 |       0 |      18 |   0.0 |   872
       Snake:3 |       0 |   22613 |   0.0 |       0 |      23 |   0.0 |   944
       Snake:4 |       0 |   52853 |   0.0 |       0 |      83 |   0.0 |  1835
         Orc:1 |       0 |   12000 |   0.0 |       0 |      80 |   0.0 |  1771
         Orc:2 |       0 |   14072 |   0.0 |       0 |     106 |   0.0 |  1345
      Vaults:1 |       0 |   15235 |   0.0 |       0 |      21 |   0.0 |   136
        Bailey |       0 |    1535 |   0.0 |       0 |      18 |   0.0 |   358
         IceCv |       0 |   10212 |   0.0 |       0 |      53 |   0.0 |   757
       Volcano |       0 |    5063 |   0.0 |       0 |      16 |   0.0 |   744
               +---------+---------+-------+---------+---------+-------+---------
